 Dungeon Crawl Stone Soup version 0.31-a0-236-g9a0961fb85 (webtiles) character file.

Game seed: 15180985745214846831

119 qw the Shooter (level 5, 0/30 HPs)
             Began as a Gargoyle Hexslinger on July 10, 2023.
             Slain by a goblin
             ... wielding a +0 club
             ... led by Robin
              (5 damage)
             ... on level 3 of the Dungeon.
             The game lasted 00:00:45 (1496 turns).

qw the Shooter (Gargoyle Hexslinger)                Turns: 1496, Time: 00:00:46

Health: 0/30       AC:  8    Str: 12    XL:     5   Next: 3%
Magic:  6/6        EV: 11    Int: 13    God:
Gold:   85         SH:  0    Dex: 14    Spells: 5/6 levels left

rFire   . . .        Y - +1 sling
rCold   . . .        (no shield)
rNeg    + . .        g - +1 leather armour {Will+}
rPois   inf          (no helmet)
rElec   +            (no cloak)
rCorr   .            (no gloves)
SInv    .            (no boots)
Will    +....        (no amulet)
Stlth   +            (no ring)
HPRegen 0.25/turn    (no ring)
MPRegen 0.10/turn

%: no passive effects
@: about to teleport
A: sickness immunity, AC +4, negative energy resistance 1, electricity
resistance, torment resistance 1, petrification resistance
a: no special abilities


You were on level 3 of the Dungeon.
You visited 1 branch of the dungeon, and saw 3 of its levels.

You collected 85 gold pieces.


Innate Abilities, Weirdness & Mutations

You are immune to sickness and miasma.
Your stone body is resilient. (AC +4)
You are immune to poison.
You resist negative energy. (rN+)
You are resistant to electric shocks. (rElec)
You are resistant to unholy torment.
You are immune to petrification.


   Skills:
 - Level 2.1 Fighting
 + Level 4.6 Ranged Weapons
 - Level 1.5 Dodging
 - Level 1.0 Spellcasting
 - Level 2.6 Hexes


You had 5 spell levels left.
You knew the following spells:

 Your Spells              Type           Power      Damage    Failure   Level
a - Slow                  Hex            28%        N/A       12%         1

Your spell library contained the following spells:

 Spells                   Type           Power      Damage    Failure   Level
 Inner Flame              Hex/Fire       4%         N/A       52%         3
 Portal Projectile        Hex/Tloc       8%         N/A       52%         3
 Cause Fear               Hex            3%         N/A       75%         4

Inventory:

Hand Weapons
 Y - a +1 sling (weapon)
Armour
 g - a +1 leather armour of willpower (worn)
Scrolls
 c - a scroll of identify
 d - a scroll of revelation {unknown}
Potions
 a - a potion of resistance
 b - a potion of curing {unknown}
 h - a potion of mutation {unknown}

Dungeon Overview and Level Annotations

Branches:
Dungeon (3/15)

Altars:
Gozag

Shops:
D:1 =

Annotations:
D:3 Robin


Message History

The goblin closely misses you. The goblin misses you.
The goblin hits you with a +0 dagger.
You shoot a sling bullet.
The sling bullet closely misses the goblin.
The goblin hits you with a +0 club. Robin hits you with a +0 club.
The goblin hits you but does no damage. x2; The goblin barely misses you.
You shoot a sling bullet. The sling bullet hits the goblin.
The goblin is almost dead.
The goblin hits you but does no damage. x2; Robin throws the goblin at you!
The goblin hits you but does no damage. The goblin hits you with a +0 dagger.
You shoot a sling bullet.
The sling bullet closely misses the goblin.
The goblin closely misses you. Robin barely misses you.
The goblin hits you but does no damage. The goblin hits you with a +0 dagger.
The goblin hits you but does no damage. x3
A frilled lizard comes into view.
The goblin misses you.
Robin drinks a potion.
Robin seems to grow stronger.
The goblin barely misses you.
You shoot a sling bullet.
The sling bullet closely misses the goblin.
The frilled lizard hisses angrily.
The hobgoblin no longer looks unusually strong.
The goblin hits you with a +0 club. The goblin hits you but does no damage.
Robin roars a battlecry!
The hobgoblin goes into a battle-frenzy!
The goblin hits you but does no damage. The goblin barely misses you.
1494 ||| READING scroll of teleportation.
As you read the scroll of teleportation, it crumbles to dust.
You feel strangely unstable.
The goblin barely misses you. x3; The goblin closely misses you.
You shoot a sling bullet. The sling bullet hits the goblin.
You kill the goblin!
The goblin hits you with a +0 club. Robin hits you but does no damage.
The goblin hits you but does no damage. x2
You shoot a sling bullet.
The sling bullet hits Robin but does no damage.
The goblin no longer looks unusually strong.
The goblin hits you with a +0 dagger. The goblin closely misses you.
Robin throws the goblin at you! The goblin hits you with a +0 club.
You die...

### #####.### #.......# #
# ###.###.#.# ###.# .(.
##.....##..# ..#.# ....#
#.8...8.##.###.#.#
.(....#.g.....#....#.#.#
#....gg@g._......#.#.#.#
#.#...#)gl....##...#.#.#
##.##.8...8.#..#...#.# 8#
#..##.....##........#
8.:####.###.###.#####..>.
#.%.....<...#.### #.#.#
#.............) #.#..
#...%.......###.#.#(.
#<..##......#.#...#.P


You could see Robin (strong), a hobgoblin (strong), 3 goblins and a frilled
lizard.

Vanquished Creatures
  2 scorpion zombies (D:3)
  2 adders (D:2)
  5 ball pythons (D:1)
  4 bats
  3 endoplasms
  2 giant cockroaches (D:2)
  10 goblins
  5 hobgoblins
  2 quokkas (D:2)
  3 frilled lizards
  A jackal skeleton (D:3)
  5 kobolds
  A quokka skeleton (D:3)
  6 rats
51 creatures vanquished.

Notes
Turn   | Place    | Note
-------+----------+-------------------------------------------
     0 | D:1      | qw the Gargoyle Hexslinger began the quest for the Orb.
     0 | D:1      | Reached XP level 1. HP: 12/12 MP: 2/2
     0 | D:1      | 0 ||| qw: Version: 0.3-a-52-g30416fa
     0 | D:1      | 0 ||| qw: Game counter: 4616
     0 | D:1      | 0 ||| qw: Melee chars always use a shield: true
     0 | D:1      | 0 ||| qw: God list: Okawaru
     0 | D:1      | 0 ||| qw: Allow faded altars: false
     0 | D:1      | 0 ||| qw: Do Orc after clearing Dungeon:15 true
     0 | D:1      | 0 ||| qw: Do second Lair branch before Depths: true
     0 | D:1      | 0 ||| qw: Lair rune preference: random
     0 | D:1      | 0 ||| qw: Goals: Normal
     0 | D:1      | 0 ||| PLANNING D:1-11
   131 | D:1      | Reached XP level 2. HP: 15/16 MP: 3/3
   247 | D:1      | Found Owodudd's Jewellery Emporium.
   250 | D:1      | 250 ||| SHOPLISTING +5 ring of evasion (468 gold, have 41).
   250 | D:1      | 250 ||| SHOPLISTING +6 ring of strength (468 gold, have
                  | 41).
   250 | D:1      | 250 ||| SHOPLISTING amulet of the acrobat (390 gold, have
                  | 41).
   250 | D:1      | 250 ||| SHOPLISTING ring of ice (325 gold, have 41).
   362 | D:1      | Reached skill level 3 in Ranged Weapons
   724 | D:1      | 724 ||| UPGRADING to +1 leather armour of willpower.
   734 | D:1      | 734 ||| DROPPING +0 robe.
   735 | D:1      | 735 ||| READING scroll labelled BUIMIYTALO.
   736 | D:1      | 736 ||| READING 2 scrolls labelled GAREAK RUTH.
   737 | D:1      | 737 ||| READING scroll labelled OSMOXKO WADI.
   741 | D:1      | 741 ||| READING scroll labelled ZESIRPH DE MIA.
   742 | D:1      | 742 ||| DROPPING scroll of poison.
   743 | D:1      | 743 ||| DROPPING scroll of amnesia.
   781 | D:2      | Reached XP level 3. HP: 21/21 MP: 4/4
  1151 | D:2      | 1151 ||| READING 2 scrolls labelled KUMOV ZUTWASE.
  1257 | D:2      | 1257 ||| READING 2 scrolls of identify.
  1257 | D:2      | 1257 ||| IDENTIFYING clear potion
  1293 | D:3      | Found an opulent altar of Gozag.
  1297 | D:3      | Reached XP level 4. HP: 26/26 MP: 5/5
  1336 | D:3      | Reached skill level 4 in Ranged Weapons
  1479 | D:3      | Noticed Robin
  1487 | D:3      | Reached XP level 5. HP: 27/30 MP: 6/6
  1493 | D:3      | HP: 7/30 [goblin/+0 club[Robin] (5)]
  1494 | D:3      | 1494 ||| READING scroll of teleportation.
  1496 | D:3      | Slain by a goblin

Levels and vault maps discovered:
D:1:      spicycebolla_arrival_clurvy, layout_loops_ring, serial_shops,
          nicolae_shop_real_fake_doors, st_stairs_8, nicolae_titane
D:2:      layout_basic, minmay_pentomino_z4
D:3:      layout_basic, nicolae_sif_muna_little_library, grunt_gozag_statues,
          serial_undead, serial_undead_e, serial_undead_b, serial_undead_f,
          serial_undead_a, uniq_robin

Skill      XL: |  1  2  3  4 |
---------------+-------------+-----
Ranged Weapons | 3 4 |  4.6
Fighting       | 2 |  2.1
Dodging        | |  1.5
Spellcasting   | |  1.0
Hexes          | |  2.6

Action                     |  1- 3 |  4- 6 || total
---------------------------+-------+-------++-------
   Fire: Sling             |   135 |    60 ||   195
    Use: Scroll            |     6 |     1 ||     7
 Armour: Robe              |    13 |       ||    13
         Leather armour    |    14 |    40 ||    54
  Dodge: Dodged            |    48 |    34 ||    82

Table legend:
 A = Non-vault XP
 B = Vault XP
 C = Vault XP percentage of total XP
 D = Non-vault monster count
 E = Vault monster count
 F = Vault count percentage of total count
                 A         B        C        D         E       F
            +---------+---------+-------+---------+---------+-------
      Total |      80 |      90 |  52.9 |      36 |      15 |  29.4
            +---------+---------+-------+---------+---------+-------
        D:1 |      25 |       1 |   3.8 |      17 |       1 |   5.6
        D:2 |      46 |       5 |   9.8 |      13 |       4 |  23.5
        D:3 |       9 |      84 |  90.3 |       6 |      10 |  62.5
            +---------+---------+-------+---------+---------+-------
